 Dungeon Crawl Stone Soup version 0.31.0-11-ge490571c62 (webtiles) character file.

Game seed: 2594541902511887346

91 qw the Shooter (level 4, -1/25 HPs)
             Began as a Deep Elf Hunter on Feb 3, 2024.
             Incinerated by a bombardier beetle (4 damage)
             ... with a burning spray
             ... on level 2 of the Dungeon.
             The game lasted 00:00:09 (1542 turns).

qw the Shooter (Deep Elf Hunter)                    Turns: 1542, Time: 00:00:09

Health: -1/25      AC:  8    Str: 10    XL:     4   Next: 34%
Magic:  6/6        EV: 16    Int: 14    God:
Gold:   102        SH:  0    Dex: 18    Spells: 3/3 levels left

rFire   . . .        a - +0 shortbow
rCold   . . .        (shield currently unavailable)
rNeg    . . .        d - +0 ring mail
rPois   .            e - +1 helmet
rElec   .            (no cloak)
rCorr   .            (no gloves)
SInv    .            h - +0 pair of boots
Will    .....        (no amulet)
Stlth   +            g - +5 ring of evasion
HPRegen 0.24/turn    (no ring)
MPRegen 0.10/turn

%: no passive effects
@: on fire, about to teleport, glowing
A: no striking features
a: no special abilities


You were on level 2 of the Dungeon.
You visited 1 branch of the dungeon, and saw 3 of its levels.

You collected 102 gold pieces.


   Skills:
 - Level 1.5 Fighting
 + Level 7.8 Ranged Weapons
 - Level 2.4 Dodging
 - Level 1.2 Stealth


You had 3 spell levels left.
You didn't know any spells.
Your spell library was empty.

Inventory:

Hand Weapons
 a - a +0 shortbow (weapon)
Armour
 d - a +0 ring mail (worn)
 e - a +1 helmet (worn)
 h - a +0 pair of boots (worn)
Jewellery
 g - a +5 ring of evasion (left hand)
Potions
 f - a potion of haste
 i - a potion of heal wounds

Dungeon Overview and Level Annotations

Branches:
Dungeon (3/15)

Altars:

Shops:
D:1 =


Message History

The adder is heavily wounded.
The adder bites you. The adder bites you but does no damage.
You shoot an arrow. The arrow barely misses the adder.
The adder misses you.
You shoot an arrow. The arrow closely misses the adder.
The adder completely misses you. The adder bites you but does no damage.
You shoot an arrow. The arrow hits the adder.
You kill the adder!
You start resting.
HP restored.
You climb downwards.
The goblin shouts!
There is a stone staircase leading up, spattered with blood here.
You shoot an arrow. The arrow hits the bombardier beetle!
The bombardier beetle is severely wounded.
The bombardier beetle sprays incendiary fluid at you.
The burning spray hits you.
You are covered in liquid fire!
You shoot an arrow.
The arrow closely misses the bombardier beetle.
The arrow misses the goblin.
The liquid fire burns you!
An orc comes into view. It is wielding a +0 trident.
1539 ||| STAIRDANCE The liquid fire burns you!
The orc shouts!
The orc priest barely misses you.
You shake off some of the fire as you move.
You climb upwards.
The liquid fire burns you!
There is a stone staircase leading down, spattered with blood here.
You shoot an arrow. The arrow hits the orc priest.
The orc priest is heavily wounded.
The liquid fire burns you!
The orc priest miscasts a cantrip.
1542 ||| READING scroll of teleportation.
As you read the scroll of teleportation, it crumbles to dust.
You feel strangely unstable. The liquid fire burns you!
You die...

..~~~~~~~P~~~~~~~~~~~7~~~~~~~....
...~7~~7~~7~~~~~~~~~~~~~~~~P##.#.
...7P7~~~~P~~~~~~~~~~~~7~7.....#.
....77~P77P~~~~~~7~7~~7~7......#.
.#....77.~~7~~~7~~~77.7...)....#.
.#.#####.#.77.7.77....#........##
.#.#.......#.....#.####........#
##.#)#####.#...o.).............#
#.#.# #####...#@#.#####.......#
#.#.# #...........###...^.....#
##.#.# #.#######.>.......###'#.##
.....###.#######.........# #.#...
.........................# #.#...
.......#.#######.........###.#.:.
.....#.#.#### #.........#...#...
.....#.#....####.........#.#.....
.....#.#<).................#.#...


You could see an orc priest.

Vanquished Creatures
  4 adders
  A dart slug (D:2)
  A ribbon worm (D:2)
  An orc (D:2)
  4 ball pythons
  4 bats
  3 endoplasms (D:1)
  3 giant cockroaches
  5 goblins
  3 hobgoblins (D:1)
  5 jackals (D:2)
  2 kobolds (D:1)
  3 quokkas
  3 frilled lizards
  6 rats
48 creatures vanquished.

Notes
Turn   | Place    | Note
-------+----------+-------------------------------------------
     0 | D:1      | qw the Deep Elf Hunter began the quest for the Orb.
     0 | D:1      | Reached XP level 1. HP: 12/12 MP: 3/3
     0 | D:1      | 0 ||| qw: Version: 0.3-a-158-g18b3111
     0 | D:1      | 0 ||| qw: Game counter: 4163
     0 | D:1      | 0 ||| qw: Melee chars always use a shield: true
     0 | D:1      | 0 ||| qw: God list: Okawaru
     0 | D:1      | 0 ||| qw: Allow faded altars: false
     0 | D:1      | 0 ||| qw: Do Orc after clearing Dungeon:15 true
     0 | D:1      | 0 ||| qw: Do second Lair branch before Depths: true
     0 | D:1      | 0 ||| qw: Lair rune preference: random
     0 | D:1      | 0 ||| qw: Goals: Normal
     0 | D:1      | 0 ||| PLANNING D:1-11
    79 | D:1      | Reached XP level 2. HP: 16/16 MP: 4/4
    82 | D:1      | Reached skill level 6 in Ranged Weapons
   236 | D:1      | Found Fienag's One-of-a-Kind Rings.
   252 | D:1      | 252 ||| SHOPLISTING +3 ring of dexterity (110 gold, have
                  | 41).
   252 | D:1      | 252 ||| SHOPLISTING ring "Yfuphiul" {Will++ rCorr Str+6
                  | Dex+2} (734 gold, have 41).
   252 | D:1      | 252 ||| SHOPLISTING ring of Duryov Ryet {Fly rElec Str-2
                  | Dex+6} (438 gold, have 41).
   432 | D:1      | Reached XP level 3. HP: 20/20 MP: 5/5
   449 | D:1      | 449 ||| UPGRADING to +0 ring mail.
   459 | D:1      | 459 ||| DROPPING +0 leather armour.
   460 | D:1      | 460 ||| UPGRADING to +1 helmet.
   465 | D:1      | 465 ||| UPGRADING to +0 pair of boots.
   470 | D:1      | 470 ||| UPGRADING to +5 ring of evasion.
   471 | D:1      | 471 ||| READING scroll labelled ROYHEOPROS.
   472 | D:1      | 472 ||| READING 2 scrolls labelled LUZENA AD NOO.
   477 | D:1      | 477 ||| READING scroll labelled WAIHEG ONNAIM.
   478 | D:1      | 478 ||| DROPPING scroll of butterflies.
   619 | D:2      | You fall into a shaft and drop 1 floor!
   631 | D:3      | Reached skill level 7 in Ranged Weapons
   634 | D:3      | 634 ||| FLEEEEING.
   635 | D:3      | 635 ||| FLEEEEING.
   636 | D:3      | 636 ||| STAIRDANCE
   820 | D:2      | Reached XP level 4. HP: 25/25 MP: 6/6
  1421 | D:2      | 1421 ||| READING scroll labelled JORAUFR TEITA.
  1421 | D:2      | 1421 ||| IDENTIFYING cyan potion
  1422 | D:2      | 1422 ||| READING scroll labelled GAZIOTOFEJ.
  1423 | D:2      | 1423 ||| DRINKING 2 metallic cyan potions.
  1489 | D:3      | 1489 ||| STAIRDANCE
  1503 | D:3      | 1503 ||| STAIRDANCE
  1525 | D:3      | 1525 ||| STAIRDANCE
  1539 | D:3      | 1539 ||| STAIRDANCE
  1541 | D:2      | HP: 2/25 [burnt (6)]
  1542 | D:2      | 1542 ||| READING scroll of teleportation.
  1542 | D:2      | Incinerated by a bombardier beetle

Levels and vault maps discovered:
D:1:      dpeg_arrival_pits, layout_rooms, nicolae_shop_unique_rings
D:2:      layout_basic, serial_bayou, serial_bayou_lagoon_a,
          serial_bayou_crossing, serial_bayou_lake_a, serial_bayou_ford_a
D:3:      layout_basic, nicolae_ru_awakened_eye

Skill      XL: |  1  2  3 |
---------------+----------+-----
Ranged Weapons | 6 7 |  7.8
Fighting       | |  1.5
Dodging        | |  2.4
Stealth        | |  1.2

Action                     |  1- 3 |  4- 6 || total
---------------------------+-------+-------++-------
   Fire: Shortbow          |   102 |    50 ||   152
    Use: Scroll            |     3 |     3 ||     6
         Potion            |       |     1 ||     1
 Armour: Leather armour    |    10 |       ||    10
         Ring mail         |     7 |    11 ||    18
  Dodge: Dodged            |    33 |    13 ||    46

Table legend:
 A = Non-vault XP
 B = Vault XP
 C = Vault XP percentage of total XP
 D = Non-vault monster count
 E = Vault monster count
 F = Vault count percentage of total count
                 A         B        C        D         E       F
            +---------+---------+-------+---------+---------+-------
      Total |     131 |       0 |   0.0 |      48 |       0 |   0.0
            +---------+---------+-------+---------+---------+-------
        D:1 |      42 |       0 |   0.0 |      24 |       0 |   0.0
        D:2 |      75 |       0 |   0.0 |      22 |       0 |   0.0
        D:3 |      14 |       0 |   0.0 |       2 |       0 |   0.0
            +---------+---------+-------+---------+---------+-------
